cohdb
Replays
Latest Replays
All Replays
Popular Replays
Top Player Replays
Match Explorer
How It Works
Community
CoH3 Stats
Reddit
Sign in to upload your games and track your stats! →
Sign in with Steam
Match 45622100
Unlisted
Match 45622100
Overview
Messages
Build Orders
End
Selects Italian Combined Arms Battlegroup
Selects Bersaglieri Squad
Bersaglieri Squad
Kradschützen Motorcycle Team
Bersaglieri Squad
Construct Light Support Kompanie
Selects Bersaglieri Bolster
Bersaglieri Squad
Fire Support Elements
Flakvierling Half-track
2.5-tonne Medical Truck
Panzerjäger Mechanized Group
Selects Breda Model 30 Light Machine Guns
Panzerpioneer Squad
Vehicle Survival Package
Construct Panzerarmee Kommand
Selects Semovente da 75/18 Assault Gun
Walking Stuka Rocket Launcher
2.5-tonne Medical Truck
2.5-tonne Medical Truck
Selects Strafing Run
Flakvierling Half-track
Strafing Run
Flak 36 Anti-tank Gun Team
Walking Stuka Rocket Launcher
Selects Artillery Cover
William Rhodes
✠KREUZZUG✠
frostie
Brick_man
Billy Mitchell
Louisvader
0
0
Comments
sign in to comment!
No comments posted yet!